 Dungeon Sprint DCSS version 0.29.0-7-g18a832c13a (webtiles) character file.

Game seed: 3545784835489445866

3 GigaChad the Trooper (level 1, -4/20 HPs)
             Began as a Minotaur Fighter on Aug 30, 2022.
             Was an Initiate of Ashenzari.
             Slain by a swamp dragon (6 damage)
             ... in the Dungeon (Sprint VII: "The Pits").
             The game lasted 00:00:54 (123 turns).

GigaChad the Trooper (Minotaur Fighter)              Turns: 123, Time: 00:00:54

Health: -4/20      AC:  7    Str: 20    XL:     1   Next: 41%
Magic:  0/0        EV:  9    Int:  5    God:    Ashenzari [......]
Gold:   0          SH:  4    Dex:  9    Spells: 0/0 levels left

rFire   . . .      SeeInvis .   a - +0 long sword
rCold   . . .      Faith    .   c - +0 buckler
rNeg    . . .      Spirit   .   b - +0 scale mail
rPois   .          Reflect  .   (helmet restricted)
rElec   .          Harm     .   (no cloak)
rCorr   .          Rampage  .   (no gloves)
Will    .....      NoTele   +   (no boots)
Stlth   ..........              (no amulet)
HPRegen 0.06/turn               (no ring)
MPRegen 0.07/turn               (no ring)

@: no status effects
A: horns 2, retaliatory headbutt
a: Renounce Religion


You were in the Dungeon.
You worshipped Ashenzari.
Ashenzari was noncommittal.
You visited 1 branch

Inventory:

Hand Weapons
 a - a +0 long sword (weapon)
 k - a +2 falchion
Armour
 b - a +0 scale mail (worn)
 c - a +0 buckler (worn)
Scrolls
 j - a scroll of blinking
Potions
 d - a potion of might
 e - a potion of curing
 f - a potion of heal wounds
 g - a potion of haste
 h - 2 potions of magic
 i - a potion of berserk rage


   Skills:
 + Level 4.1 Fighting
 + Level 2.7 Long Blades
 + Level 4.1 Armour
 + Level 4.1 Shields


You couldn't memorise any spells.
You didn't know any spells.
Your spell library was empty.

Dungeon Overview and Level Annotations

Branches:
Dungeon (1/1)

Altars:
Ashenzari
Cheibriados
Dithmenos
Elyvilon
Fedhas
Gozag
Hepliaklqana
Kikubaaqudgha
Makhleb
Nemelex Xobeh
Okawaru
Qazlal
Ru
Sif Muna
Trog
Uskayaw
Vehumet
Wu Jian
Xom
Yredelemnul
Zin
The Shining One
Jiyva
Lugonu


Innate Abilities, Weirdness & Mutations

You have a pair of horns on your head.
You reflexively headbutt those who attack you in melee.


Message History

Your Fighting skill increases to level 4!
Your Shields skill increases to level 4!
You slash the goblin!
You kill the goblin!
Your Armour skill increases to level 4!
There is an open door, spattered with blood here.
Things that are here:
a +0 club; a goblin corpse; a ball python corpse
There is an open door to the Storerooms (Easy) here.
You open the huge gate.
There is a huge open gate to the Grid Vault (Hard) here.
There is a huge open gate to the Grid Vault (Hard) here.
You open the door. 2 dragons, 2 yaks, a five-headed hydra, a guardian serpent, an ogre and an orange demon come into view.
The swamp dragon roars deafeningly!
The yak bellows! x2
The five-headed hydra roars!
The guardian serpent shouts!
The fire dragon roars deafeningly!
The ogre shouts!
The orange demon screeches!
You hear a skittering sound.
You hear a bellow! x2; You hear a shout! x2
A redback comes into view.
A wolf spider comes into view.
The yak moves out of view.
The five-headed hydra moves out of view.
You hear an angry hiss.
You hear a shout!
Found three items.
You hit the swamp dragon. You headbutt the swamp dragon.
The swamp dragon is lightly wounded.
You hear a skittering sound.
You hear a shout! x2
You hear a faint skittering sound.
A jumping spider comes into view.
The swamp dragon bites you but does no damage.
The swamp dragon barely misses you. The swamp dragon tramples you.
You hold your ground!
An orc wizard comes into view. It is wielding a +0 dagger.
The orc wizard mumbles some strange words.
The orc wizard flickers and vanishes!
Deactivating autopickup; reactivate with Ctrl-A.
The swamp dragon bites you!
Ouch! That really hurt!
* * * LOW HITPOINT WARNING * * *
The swamp dragon claws you.
You die... #################### #................... #.........@......... #..#######D########. #..# Y#s

#..# S# #s #..# 4# #D
#..# .# #Z #..# .# #.
#..################
#######..................


You could see a fire dragon, a swamp dragon, a wolf spider, an orange demon, a
guardian serpent, a yak, a jumping spider and a ball python zombie.

Vanquished Creatures
  A goblin (D)
  A quokka (D)
  A ball python (D)
3 creatures vanquished.

Notes
Turn   | Place    | Note
-------+----------+-------------------------------------------
     0 | D        | GigaChad the Minotaur Fighter began the quest for the Orb.
     0 | D        | Reached XP level 1. HP: 19/19 MP: 0/0
    21 | D        | Found a bloodstained altar of Trog.
    21 | D        | Found a shimmering blue altar of Sif Muna.
    21 | D        | Found a viscous altar of Jiyva.
    21 | D        | Found a hazy altar of Hepliaklqana.
    21 | D        | Found an opulent altar of Gozag.
    32 | D        | Found a glowing golden altar of the Shining One.
    32 | D        | Found a glowing silver altar of Zin.
    32 | D        | Found a basalt altar of Yredelemnul.
    32 | D        | Found a shimmering altar of Xom.
    32 | D        | Found an ornate altar of the Wu Jian Council.
    32 | D        | Found a sacrificial altar of Ru.
    32 | D        | Found a stormy altar of Qazlal.
    32 | D        | Found an iron altar of Okawaru.
    32 | D        | Found a sparkling altar of Nemelex Xobeh.
    32 | D        | Found a burning altar of Makhleb.
    32 | D        | Found a blossoming altar of Fedhas.
    32 | D        | Found a white marble altar of Elyvilon.
    32 | D        | Found a shadowy altar of Dithmenos.
    32 | D        | Found a snail-covered altar of Cheibriados.
    35 | D        | Found a corrupted altar of Lugonu.
    35 | D        | Found a radiant altar of Vehumet.
    36 | D        | Found an ancient bone altar of Kikubaaqudgha.
    36 | D        | Found a hide-covered altar of Uskayaw.
    36 | D        | Found a broken altar of Ashenzari.
    45 | D        | Became a worshipper of Ashenzari the Shackled
   122 | D        | Noticed a swamp dragon
   122 | D        | Noticed a yak
   122 | D        | Noticed a yak
   122 | D        | Noticed a five-headed hydra
   122 | D        | Noticed a guardian serpent
   122 | D        | Noticed a fire dragon
   122 | D        | Noticed an ogre
   122 | D        | Noticed an orange demon
   122 | D        | Noticed a redback
   122 | D        | Noticed a wolf spider
   123 | D        | Noticed a jumping spider
   123 | D        | Slain by a swamp dragon

Illustrated notes

Levels and vault maps discovered:
D:        pitsprint [storerooms_1, entrance_room_1, metal_vault_6, armoury_2,
          mini_pit_1, grid_room_1, main_hall_1, silver_pit, the_coven_2,
          the_vestibule_1, steel_vault_4, golden_pit, hallway_of_sentries,
          crystal_vault_3, iron_vault_4, final_vault]

Skill      XL: |  1 |
---------------+----+-----
Fighting       | 4 |  4.1
Shields        | 4 |  4.1
Armour         | 4 |  4.1
Long Blades    | |  2.7

Action                   || total
-------------------------++-------
Melee: Long sword        ||     7
       Headbutt          ||     1
Armor: Scale mail        ||     6
Dodge: Dodged            ||     1
Block: Buckler           ||     1
